 Dungeon Crawl Stone Soup version 0.28.0 (webtiles) character file.

Game seed: 13563157238281643462

35 dolemite99 the Chopper (level 3, 0/27 HPs)
             Began as a Demonspawn Gladiator on Feb 14, 2022.
             Succumbed to an adder's poison
             ... on level 2 of the Dungeon.
             The game lasted 00:01:07 (1154 turns).

dolemite99 the Chopper (Demonspawn Gladiator)       Turns: 1154, Time: 00:01:07

Health: 0/27       AC:  4    Str: 16    XL:     3   Next: 17%
Magic:  3/3        EV: 12    Int:  9    God:
Gold:   54         SH:  0    Dex: 14    Spells: 2/2 levels left

rFire   . . .      SeeInvis .   a - +0 war axe
rCold   . . .      Faith    .   (no shield)
rNeg    . . .      Spirit   .   b - +0 leather armour
rPois   .          Reflect  .   c - +0 helmet
rElec   .          Harm     .   (no cloak)
rCorr   .          Rampage  .   (no gloves)
Will    .....                   (no boots)
Stlth   +.........              (no amulet)
HPRegen 0.09/turn               (no ring)
MPRegen 0.08/turn               (no ring)

@: lethally poisoned (0 -> -5)
A: demonic guardian 1, ignite blood 1
a: no special abilities


You were on level 2 of the Dungeon.
You visited 1 branch of the dungeon, and saw 2 of its levels.

You collected 54 gold pieces.

Inventory:

Hand Weapons
 a - a +0 war axe (weapon)
 k - a +0 dagger of freezing
Missiles
 d - 3 throwing nets (quivered)
 j - 50 stones
 m - 18 bolts
Armour
 b - a +0 leather armour (worn)
 c - a +0 helmet (worn)
Scrolls
 e - 2 scrolls of teleportation {unknown}
 f - 3 scrolls of identify {unknown}
 g - a scroll of fog {unknown}
 h - a scroll of enchant armour {unknown}
 i - a scroll of magic mapping {unknown}
 l - a scroll of blinking {unknown}


   Skills:
 - Level 2.0 Fighting
 + Level 3.9 Axes
 - Level 1.7 Throwing
 - Level 2.6 Dodging


You had 2 spell levels left.
You didn't know any spells.
Your spell library was empty.

Dungeon Overview and Level Annotations

Branches:
Dungeon (1/15)

Altars:


Innate Abilities, Weirdness & Mutations

A weak demonic guardian rushes to your aid.
Your demonic aura sometimes causes spilled blood to erupt in flames.


Message History

You kill the goblin!
You feel sick. The adder bites you.
You are more poisoned.
The adder poisons you!
The giant cockroach bites you but does no damage.
You feel sick. The adder barely misses you.
The giant cockroach closely misses you. The adder closely misses you.
You see here a +0 dagger.
You hit the giant cockroach.
You kill the giant cockroach!
You closely miss the adder.
You feel very sick. The adder misses you.
You barely miss the adder.
The adder is lightly wounded.
You feel sick. The adder barely misses you. The adder closely misses you.
You slash the adder!
The adder is almost dead.
You feel sick. The adder bites you. x2
You are more poisoned.
The adder poisons you!
You barely miss the adder.
The adder is almost dead.
You feel sick. The adder bites you.
* * * LOW HITPOINT WARNING * * *
You are lethally poisoned!
The adder poisons you!
You miss the adder.
The adder is almost dead.
* * * LOW HITPOINT WARNING * * *
You feel very sick. The adder closely misses you. x2
You closely miss the adder.
The adder is almost dead.
* * * LOW HITPOINT WARNING * * *
You feel sick. The adder misses you. The adder closely misses you.
You aren't carrying any potions.
You slash the adder!
You kill the adder!
You die...

#.......##........#....#
#.......##........#....#
#.......##........#....#
.........'............).
#.......##........####.#
#.##....##........# #.#
#....##........# #.#
#..†.##........# #.#
#..†@#######..## #.#
#.....# ##.#####.#
..!......# #........
.........# ##.......
........## #.......
........# ##......
......### #...... #####.
#.###+# #..# .#


There were no monsters in sight!

Vanquished Creatures
  An adder (D:2)
  2 bats
  An endoplasm (D:1)
  4 giant cockroaches
  2 hobgoblins (D:1)
  3 quokkas (D:1)
  4 ball pythons
  A frilled lizard (D:2)
  4 goblins
  7 kobolds
  A rat (D:1)
30 creatures vanquished.

Vanquished Creatures (collateral kills)
  A frilled lizard (D:2)
  A rat (D:2)
2 creatures vanquished.

Grand Total: 32 creatures vanquished

Notes
Turn   | Place    | Note
-------+----------+-------------------------------------------
     0 | D:1      | dolemite99 the Demonspawn Gladiator began the quest for the
                  | Orb.
     0 | D:1      | Reached XP level 1. HP: 16/16 MP: 1/1
    97 | D:1      | Reached skill level 3 in Axes
   171 | D:1      | Gained mutation: A weak demonic guardian rushes to your
                  | aid. [demonic ancestry]
   171 | D:1      | Reached XP level 2. HP: 22/22 MP: 2/2
   637 | D:1      | You fall into a shaft and drop 1 floor!
  1041 | D:2      | Gained mutation: Your demonic aura sometimes causes spilled
                  | blood to erupt in flames. [demonic ancestry]
  1041 | D:2      | Reached XP level 3. HP: 27/27 MP: 3/3
  1154 | D:2      | Succumbed to an adder's poison

Illustrated notes

Levels and vault maps discovered:
D:1:      shiori_arrival_elements, layout_basic
D:2:      layout_basic, basic_altar, shapermc_ecumenical_altar_ellora,
          minmay_unequal

Skill      XL: |  1 |
---------------+----+-----
Axes           | 3 |  3.9
Fighting       | |  2.0
Throwing       | |  1.7
Dodging        | |  2.6

Action                   || total
-------------------------++-------
Melee: War axe           ||    73
 Stab: Sleeping          ||     1
Armor: Leather armour    ||    28
Dodge: Dodged            ||    62
